 Dungeon Crawl Stone Soup version 0.30-a0-723-gc1506a1cf0 (console) character file.

Game seed: 17437415137311877350

919 petzl the Covert (level 8, -8/45 (58) HPs)
             Began as a Formicid Delver on Jan 28, 2023.
             Mangled by a slime creature (16 damage)
             ... on level 15 of the Dungeon.
             The game lasted 00:46:57 (5160 turns).

petzl the Covert (Formicid Delver)                  Turns: 5160, Time: 00:46:58

HP:   -8/45 (58)    AC:  5    Str: 18    XL:     8   Next: 31%
MP:   5/17          EV: 11    Int: 11    God:
Gold: 236           SH:  0    Dex: 15    Spells: 17/20 levels left

rFire   . . .      SeeInvis +    a - +1 dagger (freeze) {!f =f}
rCold   + . .      Faith    .    (no shield)
rNeg    . . .      Spirit   .    k - +0 ring mail
rPois   .          Reflect  .    (helmet unavailable)
rElec   .          Harm     .    (no cloak)
rCorr   .          Rampage  .    (no gloves)
Will    +....                    (no boots)
Stlth   +++                      (no amulet)
HPRegen 0.27/turn                i - ring of willpower
MPRegen 0.15/turn                s - ring of protection from cold

@: heavily drained
A: permanent stasis, dig shafts and tunnels, antennae 3, four strong arms
a: Dig, Shaft Self


You were on level 15 of the Dungeon.
You visited 1 branch of the dungeon, and saw 13 of its levels.

You collected 236 gold pieces.

Inventory:

Hand Weapons
 a - a +1 dagger of freezing (weapon) {!f =f}
 b - a +0 trident
 f - a +0 scimitar
 j - a +0 mace
Missiles
 e - 2 boomerangs
 n - 4 atropa-tipped darts (quivered)
 o - 4 poisoned darts
 r - 4 stones
Armour
 k - a +0 ring mail (worn)
Jewellery
 i - a ring of willpower (left hand)
 l - an amulet of guardian spirit
 s - a ring of protection from cold (right hand)
 v - an amulet of the acrobat
Wands
 g - a wand of digging (3)
 u - a wand of mindburst (8)
Scrolls
 c - 2 scrolls of fog
 d - 4 scrolls of magic mapping
Potions
 h - 3 potions of lignification {unknown}
 m - a potion of berserk rage {unknown}
 p - a potion of brilliance {unknown}
 q - a potion of resistance {unknown}
 t - a potion of invisibility {unknown}


   Skills:
 - Level 3.2 Fighting
 - Level 2.0 Short Blades
 - Level 2.0 Maces & Flails
 - Level 1.7 Dodging
 - Level 8.3 Stealth
 + Level 6.6 Spellcasting
 * Level 2.6 Translocations


You had 17 spell levels left.
You knew the following spells:

 Your Spells              Type           Power      Damage    Failure   Level
a - Teleport Other        Tloc           9%         N/A       32%         3

Your spell library contained the following spells:

 Spells                   Type           Power      Damage    Failure   Level
 Lesser Beckoning         Tloc           18%        N/A       17%         2
 Gell's Gravitas          Tloc           9%         N/A       32%         3


Dungeon Overview and Level Annotations

Branches:
Dungeon (15/15)            Depths (0/4) D:15
 Temple: D:4-7         Lair: D:8-11         Orc: D:9-12      Vaults: D:13-14

Altars:

Shops:
D:9 :

Annotations:
D:5 exclusions: downstairs, phantom and scorpion
D:6 exclusions: ice beast, necrophage and 4 sensed monsters (detected)
D:8 exclusions: 2 downstairs, 2 kobolds, sensed monster (detected) and upstairs
D:9 exclusion: bullfrog
D:10 exclusion: downstairs, Maggie
D:11 exclusions: 2 centaurs, downstairs, gargoyle, orc, sensed monster (detected), troll, ugly thing and 2 upstairs
D:12 exclusions: downstairs, 2 kobold demonologists and sensed monster (detected)
D:13 exclusions: ugly thing, upstairs and vampire mosquito
D:14 exclusion: 2 vault guards
D:15 exclusion: 4 sensed monsters (detected)


Innate Abilities, Weirdness & Mutations

You cannot be hasted, slowed, berserked, paralysed or teleported.
You can dig through walls and to a lower floor.
You have a pair of large antennae on your head. (SInv)
Your four strong arms can wield two-handed weapons with a shield.


Message History

The slime creature hits you! x2
* * * LOW HITPOINT WARNING * * *
The slime creature quivers. x2
You finish taking off your amulet of guardian spirit.
Unknown command.
The slime creature attacks as you move away!
The slime creature hits you but does no damage.
Two slime creatures merge to form a large slime creature.
You can't shaft yourself on this level.
Unknown command.
Unknown command.
Okay, then.
Unknown command.
Unknown command.
Throw: 4 darts (atropa)
Press: ? - help, Q - select action, (/) - cycle Shift-Dir - straight line, f - large slime creature
Aim: a large slime creature (82% to hit, chance to blind on hit: 3%)
Okay, then.
Unknown command.
Unknown command.
Unknown command.
Okay, then.
Okay, then.
A frost giant zombie comes into view.
A phantasmal warrior comes into view.
Found a green potion.
Found a staircase to the Depths.
The cyclops shouts!
You see here 16 gold pieces.
The phantasmal warrior gestures at you.
The phantasmal warrior blinks!
The slime creature attacks as you move away!
The slime creature misses you.
The phantasmal warrior attacks as you move away!
The phantasmal warrior hits you.
* * * LOW HITPOINT WARNING * * *
The phantasmal warrior gestures at you.
The phantasmal warrior blinks!
The slime creature attacks as you move away!
The slime creature hits you!
You die...

#.## .. ##..#.######### #.#
.............# #.#
#..#####.###.###.##
..#..............# ##
#.#{###.#........# ####
#####.##.##.#.##...........# #..
#.............##...........# #.#
#.#######..#...............# #.###
#..........#..###..#.......###....
#.####.##......##..#..............
#.###.###..........#.......####...
##.#.## #......###.####..#### #...
##.## #...................#####+
### #..........######.......#.
#.....<##J..# #.......#.
##W....##.#J# #.........
#.#.#.##.#.# #.......#.
#...@?##{#.## #......{#.
#....J.JJ...# #########.
#....#...$Z.##..# ####
#.##.....##........ #... #
#.###.#..8.PP..8. #.#. ...
##.8.{.....P.. #( ###
#...8..P..... #... #...8.C......
..##. #..P.P..P.. #. !.....P>8..
## #. .. .## . #


You could see 3 slime creatures, a phantasmal warrior and a frost giant zombie.

Vanquished Creatures
  An orc warrior (D:10)
  A kobold brigand (D:10)
  2 howler monkeys
  A hound (D:6)
  An iguana (D:4)
  2 adders
  A dart slug (D:5)
  4 orcs
  3 endoplasms
  A goblin (D:3)
  4 jackals (D:3)
  5 kobolds
26 creatures vanquished.

Vanquished Creatures (collateral kills)
  An ugly thing (D:12)
  A troll (D:12)
2 creatures vanquished.

Vanquished Creatures (others)
  2 plants (D:3)
2 creatures vanquished.

Grand Total: 30 creatures vanquished

Notes
Turn   | Place    | Note
-------+----------+-------------------------------------------
     0 | D:5      | petzl the Formicid Delver began the quest for the Orb.
     0 | D:5      | Reached XP level 1. HP: 18/18 MP: 1/1
    17 | D:5      | Noticed a phantom
    23 | D:6      | Noticed a necrophage
    37 | D:5      | Reached skill level 1 in Spellcasting
    37 | D:5      | Reached XP level 2. HP: 23/24 MP: 1/3
    52 | D:5      | Noticed a scorpion
   155 | D:4      | Reached XP level 3. HP: 27/29 MP: 5/5
   266 | D:4      | You fall into a shaft and drop 2 floors!
   360 | D:6      | Noticed an ice beast
   394 | D:6      | Reached XP level 4. HP: 7/35 MP: 6/8
   780 | D:3      | You fall into a shaft and drop 3 floors!
   836 | D:7      | Noticed a wight
   844 | D:6      | You fall into a shaft and drop 3 floors!
   896 | D:9      | Noticed a bullfrog
   953 | D:8      | Noticed a kobold brigand
  1103 | D:9      | Noticed a kobold brigand
  1105 | D:9      | Found Okkoel's Book Emporium.
  1185 | D:8      | Noticed a centaur
  1293 | D:7      | You fall into a shaft and drop 1 floor!
  1505 | D:7      | Noticed a wight
  1507 | D:7      | Noticed a wight
  1508 | D:7      | Noticed a wight
  1511 | D:7      | Noticed a wight
  1793 | D:7      | Noticed a wight
  1824 | D:7      | You fall into a shaft and drop 3 floors!
  1824 | D:10     | Entered Level 10 of the Dungeon
  1896 | D:10     | Noticed Maggie
  1933 | D:11     | Noticed a gargoyle
  1954 | D:11     | Noticed an acid dragon
  1990 | D:10     | You fall into a shaft and drop 2 floors!
  2211 | D:12     | Noticed a kobold demonologist
  2312 | D:12     | Noticed an unseen horror
  2312 | D:12     | Noticed a slime creature
  2312 | D:12     | Noticed a slime creature
  2312 | D:12     | Noticed a slime creature
  2312 | D:12     | Noticed a slime creature
  2312 | D:12     | Noticed a slime creature
  2320 | D:13     | Noticed a vampire mosquito
  2475 | D:12     | Noticed a troll
  2522 | D:11     | Noticed a centaur
  2539 | D:11     | Noticed a cyan ugly thing
  2585 | D:12     | Noticed a kobold demonologist
  2636 | D:12     | Noticed a white ugly thing
  2640 | D:11     | Noticed a troll
  2750 | D:10     | Noticed a kobold brigand
  2766 | D:10     | You fall into a shaft and drop 1 floor!
  2843 | D:10     | Noticed an orc warrior
  2848 | D:10     | You fall into a shaft and drop 3 floors!
  2995 | D:13     | Noticed a tengu warrior
  3043 | D:12     | Killed a troll
  3044 | D:12     | Reached skill level 1 in Short Blades
  3044 | D:12     | Reached skill level 7 in Stealth
  3044 | D:12     | Reached XP level 5. HP: 39/41 MP: 8/11
  3044 | D:12     | Reached XP level 6. HP: 45/47 MP: 8/12
  3053 | D:12     | Killed a white ugly thing
  3054 | D:12     | Reached skill level 8 in Stealth
  3054 | D:12     | Reached XP level 7. HP: 52/52 MP: 9/16
  3058 | D:12     | Learned a level 3 spell: Teleport Other
  3137 | D:13     | Noticed a red ugly thing
  3317 | D:10     | Noticed a yak
  3317 | D:10     | Noticed a yak
  3317 | D:10     | Noticed a yak
  3317 | D:10     | Noticed a yak
  3322 | D:10     | You fall into a shaft and drop 2 floors!
  3469 | D:10     | You fall into a shaft and drop 1 floor!
  3630 | D:10     | You fall into a shaft and drop 2 floors!
  3852 | D:10     | You fall into a shaft and drop 1 floor!
  3977 | D:10     | Reached skill level 1 in Translocations
  3977 | D:10     | Reached XP level 8. HP: 38/56 MP: 13/17
  3996 | D:10     | You fall into a shaft and drop 2 floors!
  4177 | D:12     | Noticed a basilisk
  4447 | D:10     | You fall into a shaft and drop 2 floors!
  4667 | D:10     | You fall into a shaft and drop 3 floors!
  4739 | D:13     | You fall into a shaft and drop 1 floor!
  4754 | D:14     | Noticed a vault guard
  4754 | D:14     | Noticed a vault guard
  4754 | D:14     | Noticed a human
  4884 | D:14     | Noticed a manticore
  4886 | D:14     | Noticed a boulder beetle
  4895 | D:14     | You fall into a shaft and drop 1 floor!
  4895 | D:15     | Entered Level 15 of the Dungeon
  4946 | D:15     | Noticed a slime creature
  4986 | D:15     | Noticed a slime creature
  4986 | D:15     | Noticed a slime creature
  4987 | D:15     | Noticed a slime creature
  4998 | D:14     | You fall into a shaft and drop 1 floor!
  5073 | D:15     | Noticed a cyclops
  5084 | D:15     | Noticed a cyclops
  5143 | D:15     | Noticed a slime creature
  5155 | D:15     | Found a staircase to the Depths.
  5155 | D:15     | Noticed a phantasmal warrior
  5160 | D:15     | Mangled by a slime creature

Illustrated notes

Levels and vault maps discovered:
D:3:      cheibrodos_old_hovel, layout_rooms, hangedman_decor_points
D:4:      layout_rooms
D:5:      layout_basic, elyvilon_altar_4, lightli_temple_of_fire,
          gammafunk_ghost_mausoleum, dk_noncrumbling_2, uniq_prince_ribbit1
D:6:      layout_layer_cave, minmay_temple_entry_grid
D:7:      layout_gridville, minitemple
D:8:      layout_basic, nicolae_ashenzari_skybound, mainiacjoe_overflow_alcove_4
D:9:      kennysheep_housing_project, layout_cross, lair_entry_dummy,
          david_orc_5, serial_gnoll_camp, gnoll_camp_mini_basic,
          gnoll_camp_huts_moat, gnoll_camp_mini_house, gnoll_camp_mini_basic,
          gnoll_camp_medium_02, serial_shops, shop, minmay_misc_feat_pillars
D:10:     layout_basic, uniq_maggie
D:11:     layout_irregular_city
D:12:     layout_cave_pods
D:13:     minmay_skewed_foursquare, layout_loops_corners,
          ebering_ghost_inner_flame, drop_trap, nooodl_orcs_dogs
D:14:     layout_roguey, grunt_vaults_entry_fortified, fedhas_altar_fruit_tree,
          lightli_minifort
D:15:     gammafunk_depths_entry_grave, layout_basic, serial_park_tiny_2

Skill      XL: |  1  2  3  4  5  6  7  8 |
---------------+-------------------------+-----
Spellcasting   | 1 3 4 6 |  6.6
Short Blades   | 1 2 |  2.0
Stealth        | 7 8 |  8.3
Translocations | 1 2 |  2.6
Fighting       | |  3.2
Maces & Flails | |  2.0
Dodging        | |  1.7

Action                     |  1- 3 |  4- 6 |  7- 9 || total
---------------------------+-------+-------+-------++-------
  Melee: Mace              |    45 |       |       ||    45
         Dagger            |       |    44 |    51 ||    95
         Punch             |       |       |     1 ||     1
  Throw: Stone             |       |       |     9 ||     9
         Dart              |       |       |     9 ||     9
         Boomerang         |       |       |    14 ||    14
   Cast: Teleport Other    |       |       |     1 ||     1
Ability: Shaft Self        |     1 |     7 |    10 ||    18
         Dig               |     1 |     1 |     5 ||     7
    Use: Scroll            |       |     5 |     1 ||     6
   Stab: Sleeping          |     1 |     2 |       ||     3
         Invisible         |       |       |     2 ||     2
 Armour: Leather armour    |    12 |     9 |     6 ||    27
         Ring mail         |       |       |     9 ||     9
  Dodge: Dodged            |    29 |    22 |    51 ||   102

Table legend: (Time is in decaauts)
 A = Elapsed time spent in this place.
 B = Non-inter-level travel time spent in this place.
 C = Inter-level travel time spent in this place.
 D = Time resting spent in this place.
 E = Time spent auto-exploring this place.
 F = Levels seen in this place.
 G = Mean time per level.
                   A        B        C        D        E       F      G
               +--------+--------+--------+--------+--------+-----+--------+
         Total |   5179 |   4870 |    309 |   1580 |    120 |  13 |  398.4 |
       Dungeon |   5179 |   4870 |    309 |   1580 |    120 |  13 |  398.4 |
               +--------+--------+--------+--------+--------+-----+--------+

Top non-repeatable levels by time:
    D:12: 1210 daAuts
    D:11: 940 daAuts
     D:8: 653 daAuts
    D:10: 468 daAuts
     D:6: 413 daAuts
    D:13: 299 daAuts
    D:15: 257 daAuts
     D:7: 223 daAuts
     D:5: 199 daAuts
    D:14: 163 daAuts
     D:4: 131 daAuts
     D:3: 109 daAuts
     D:9: 108 daAuts
